 Dungeon Crawl Stone Soup version 0.25-a0-435-g4b9beb1024 (webtiles) character file.

Game seed: 16197886935720106098, levelgen mode: deterministic

9 digijack the Ruffian (level 2, -2/23 HPs)
             Began as a Minotaur Transmuter on Jan 27, 2020.
             Succumbed to a goblin's poison
             ... on level 1 of the Dungeon.
             The game lasted 00:01:21 (164 turns).

digijack the Ruffian (Minotaur Transmuter)           Turns: 164, Time: 00:01:21

Health: -2/23      AC:  3    Str: 14    XL:     2   Next: 3%
Magic:  3/3        EV: 12    Int: 10    God:
Gold:   0          SH:  0    Dex: 10    Spells: 3/4 levels left

rFire    . . .     SeeInvis .     - Unarmed
rCold    . . .     Gourm    .   (no shield)
rNeg     . . .     Faith    .   b - +1 robe
rPois    .         Spirit   .   (helmet restricted)
rElec    .         Reflect  .   (no cloak)
rCorr    .         Harm     .   (no gloves)
MR       .....     Rnd*Tele +   (boots currently unavailable)
Stlth    +.........             (no amulet)
HPRegen  0.07/turn              c - ring of teleportation
MPRegen  0.08/turn              (no ring)

@: lethally poisoned (-2 -> -35), appendage (expiring)
A: retaliatory headbutt, horns 2, talons 3
a: End Transformation


You were on level 1 of the Dungeon.
You were not hungry.
You had grown temporary talons.
You visited 1 branch of the dungeon, and saw 1 of its levels.

Inventory:

Missiles
 a - 12 arrows
Armour
 b - a +1 robe (worn)
Jewellery
 c - a ring of teleportation (left hand)
Comestibles
 d - a ration


   Skills:
 + Level 1.3 Fighting
 + Level 0.4 Armour
 - Level 2.1 Dodging
 + Level 3.3 Unarmed Combat
 * Level 1.6 Spellcasting
 * Level 1.7 Transmutations


You had 3 spell levels left.
You knew the following spells:

 Your Spells              Type           Power        Failure   Level  Hunger
a - Beastly Appendage     Tmut           #.....       16%         1    ##.....

Your spell library contained the following spells:

 Spells                   Type           Power        Failure   Level  Hunger
 Sticks to Snakes         Tmut           #.......     24%         2    ###....
 Spider Form              Tmut/Pois      #.........   56%         3    ####...
 Ice Form                 Ice/Tmut       #.......     92%         4    #####..
 Blade Hands              Tmut           #.........   99%         5    ######.


Dungeon Overview and Level Annotations

Branches:
Dungeon (1/15)

Altars:


Innate Abilities, Weirdness & Mutations

You reflexively headbutt those who attack you in melee.
You have a pair of horns on your head.
You have claws for feet.


Message History

You feel sick. The bat barely misses you. You furiously retaliate!
You headbutt the bat. The goblin barely misses you. You furiously retaliate!
You headbutt the goblin.
You kill the goblin!
You have reached level 2!
The goblin closely misses you. You furiously retaliate!
You headbutt the goblin. You hit the goblin.
The goblin is severely wounded.
You feel sick. The bat hits you but does no damage.
The goblin barely misses you.
You closely miss the goblin.
The goblin is severely wounded.
You feel sick. The bat barely misses you.
The hobgoblin hits you but does no damage.
The goblin hits you with a +3 dagger of venom!
* * * LOW HITPOINT WARNING * * *
You are more poisoned.
It was a potion of magic.
Magic courses through your body.
You die...

........####
........... ......
..........# ......
.......... ....# .
........>###....#..
.........##.......
.......gg##..[..#
....b.†@###.....#
.#..............#
##.....###.....##.
.##....#.# #........#
.......#.# #......###
.........###.........
......#.#............
.)....#...........###
#.......##.....###


You could see a hobgoblin, a goblin and a bat.

Vanquished Creatures
  2 bats (D:1)
  A giant cockroach (D:1)
  A goblin (D:1)
  A hobgoblin (D:1)
  A frilled lizard (D:1)
  A kobold (D:1)
  2 rats (D:1)
9 creatures vanquished.

Notes
Turn   | Place    | Note
-------+----------+-------------------------------------------
     0 | D:1      | digijack the Minotaur Transmuter began the quest for the
                  | Orb.
     0 | D:1      | Reached XP level 1. HP: 16/16 MP: 1/1
   161 | D:1      | Reached XP level 2. HP: 11/23 MP: 1/3
   163 | D:1      | HP: 1/23 [goblin/+3 dagger of venom (8)]
   164 | D:1      | Succumbed to a goblin's poison

Levels and vault maps discovered:
D:1:      ebering_trefoil_twist, layout_rooms, minmay_liquid_box,
          minmay_fountain_box

Action                   || total
-------------------------++-------
Melee: Unarmed           ||    19
       Kick              ||     2
       Headbutt          ||     1
       Punch             ||     1
 Cast: Beastly Appendage ||     2
  Use: Scroll            ||     2
       Potion            ||     1
Armor: Robe              ||    10
Dodge: Dodged            ||    18

Table legend:
 A = Non-vault XP
 B = Vault XP
 C = Vault XP percentage of total XP
 D = Non-vault monster count
 E = Vault monster count
 F = Vault count percentage of total count
                 A         B        C        D         E       F
            +---------+---------+-------+---------+---------+-------
      Total |      13 |       0 |   0.0 |       9 |       0 |   0.0
            +---------+---------+-------+---------+---------+-------
        D:1 |      13 |       0 |   0.0 |       9 |       0 |   0.0
            +---------+---------+-------+---------+---------+-------
